Map: Battle on the Boardwalk LE

Players

Erfeyah - Winner!

  • Race: Terran Terran
  • Spawn Location: 11:00

VOD

Have the link to the VOD?

Description

Time

  • Played on: Nov. 27, 2017, 5:34 p.m.
  • Length: 15:01
Show
View Real Time Build Order
Export as new Build Order

Erfeyah Terran - Winner!

Build Orders:  

Get SALT Encoding   

  12  0:04  SCV  
  12  0:24  Supply Depot  
  12  0:31  SCV  
  12  0:44  SCV  
  12  1:00  Barracks  
  12  1:32  SCV  
  12  1:44  SCV  
  12  1:50  Marine  
  12  1:56  SCV  
  12  2:08  Supply Depot, Marine  
  12  2:09  SCV  
  12  2:21  SCV  
  12  2:26  Marine  
  12  2:33  SCV  
  12  2:44  Marine  
  12  2:46  SCV  
  12  2:56  Supply Depot  
  12  2:58  SCV  
  12  3:02  Marine  
  12  3:16  SCV  
  12  3:19  Marine  
  12  3:24  Command Center  
  12  3:28  SCV  
  12  3:37  Marine  
  12  3:40  SCV  
  12  3:52  SCV  
  12  3:55  Marine  
  12  4:16  SCV  
  12  4:19  Command Center  
  12  4:28  SCV  
  12  4:38  Refinery  
  12  4:40  SCV  
  12  4:49  SCV  
  12  4:52  SCV  
  12  4:53  Marine  
  12  5:01  SCV  
  12  5:11  Marine  
  12  5:18  Barracks  
  12  5:20  SCV x2  
  12  5:28  Marine  
  12  5:31  SCV  
  12  5:32  SCV x2  
  12  5:46  Marine  
  12  6:00  Refinery  
  12  6:02  SCV x3  
  12  6:04  Marine  
  12  6:05  Barracks  
  12  6:06  Marine  
  12  6:14  SCV x3  
  12  6:22  Marine  
  12  6:24  Marine  
  12  6:26  SCV  
  12  6:32  Factory  
  12  6:39  Supply Depot  
  12  6:40  Marine  
  12  6:49  SCV x2  
  12  6:50  SCV  
  12  6:51  Marine  
  12  6:52  Marine  
  12  6:57  Marine  
  12  7:01  SCV  
  12  7:02  Supply Depot  
  12  7:08  Marine  
  12  7:10  Marine  
  12  7:24  SCV x2  
  12  7:25  Marine, Supply Depot  
  12  7:26  SCV, Marine  
  12  7:36  SCV  
  12  7:48  SCV  
  12  7:49  SCV x2, Marine x2, Supply Depot  
  12  7:50  Marine  
  12  8:07  Marine x3  
  12  8:09  Factory Reactor  
  12  8:14  Supply Depot  
  12  8:18  SCV x3  
  12  8:25  Marine x3  
  12  8:30  SCV  
  12  8:37  Supply Depot  
  12  8:43  Marine x2  
  12  9:00  Supply Depot  
  12  9:01  Supply Depot  
  12  9:04  Marine x3  
  12  9:06  SCV x3  
  12  9:18  SCV x3  
  12  9:22  Marine x3  
  12  9:23  Supply Depot x2, Refinery  
  12  9:30  SCV x3  
  12  9:40  Marine x3  
  12  9:47  Supply Depot  
  12  9:58  Marine x3  
  12  10:10  Supply Depot  
  12  10:15  Marine  
  12  10:16  Marine x2  
  12  10:23  Supply Depot  
  12  10:33  Supply Depot  
  12  10:40  Marine  
  12  10:42  Marine x2  
  12  10:47  Supply Depot  
  12  10:56  Supply Depot  
  12  10:58  Starport, Marine  
  12  11:00  Marine x2  
  12  11:08  Starport  
  12  11:10  Supply Depot  
  12  11:16  Marine  
  12  11:18  Marine x2  
  12  11:19  Supply Depot  
  12  11:21  Starport  
  12  11:34  Marine, Supply Depot  
  12  11:35  Marine  
  12  11:36  Marine  
  12  11:37  Medivac  
  12  11:52  Marine  
  12  11:53  Marine  
  12  11:57  Supply Depot, Refinery  
  12  12:07  Medivac  
  12  12:21  Supply Depot  
  12  12:34  Command Center  
  12  12:37  Medivac  
  12  12:45  Supply Depot  
  12  13:06  Marine  
  12  13:07  Medivac, Marine x2  
  12  13:12  Medivac x2  
  12  13:24  Marine x2  
  12  13:25  Marine  
  12  13:37  Medivac  
  12  13:42  Medivac x2, Marine x2  
  12  13:43  Marine  
  12  14:00  Marine  
  12  14:07  Medivac  
  12  14:12  Viking x2  
Tags
 
Add a new tag
Caveats
  • Supply blocks, unpowered buildings, or Contaminate may cause inaccurate times.
  • Supply counts are checked every 10 seconds.